 Dungeon Crawl Stone Soup version 0.29-a0-350-g7790a0e70a (webtiles) character file.

Game seed: 1495368953086079470

43 spaghetti the Cleaver (level 3, -2/25 HPs)
             Began as a Gnoll Wanderer on Apr 22, 2022.
             Slain by a gnoll
             ... wielding a +0 spear
              (4 damage)
             ... on level 2 of the Dungeon.
             The game lasted 00:01:47 (699 turns).

spaghetti the Cleaver (Gnoll Wanderer)               Turns: 699, Time: 00:01:47

Health: -2/25      AC:  3    Str: 15    XL:     3   Next: 58%
Magic:  7/7        EV: 10    Int: 11    God:
Gold:   38         SH:  0    Dex:  9    Spells: 7/7 levels left

rFire   . . .      SeeInvis .   a - +2 hand axe {axe}
rCold   . . .      Faith    .   (no shield)
rNeg    . . .      Spirit   .   b - +0 ring mail
rPois   .          Reflect  .   (no helmet)
rElec   .          Harm     .   (no cloak)
rCorr   .          Rampage  .   (no gloves)
Will    .....                   (no boots)
Stlth   +.........              (no amulet)
HPRegen 0.08/turn               (no ring)
MPRegen 0.10/turn               (no ring)

@: no status effects
A: fangs 1, strong nose, distributed training, hooves 1, deformed body
a: no special abilities


You were on level 2 of the Dungeon.
You visited 1 branch of the dungeon, and saw 2 of its levels.

You collected 38 gold pieces.


Innate Abilities, Weirdness & Mutations

You have very sharp teeth.
Your uncanny sense of smell can sniff out nearby items.
Your experience applies equally to all skills.
You have large cloven feet.
Armour fits poorly on your strangely shaped body.


   Skills:
 + Level 0.8 Fighting
 + Level 0.8 Short Blades
 + Level 0.8 Long Blades
 + Level 8.5 Axes
 + Level 0.8 Maces & Flails
 + Level 0.8 Polearms
 + Level 0.8 Staves
 + Level 0.8 Slings
 + Level 0.8 Bows
 + Level 0.8 Crossbows
 + Level 0.8 Throwing
 + Level 4.5 Armour
 + Level 0.8 Dodging
 + Level 0.8 Stealth
 + Level 0.8 Shields
 + Level 0.8 Unarmed Combat
 + Level 2.8 Spellcasting
 + Level 0.5 Conjurations
 + Level 0.5 Hexes
 + Level 0.5 Summonings
 + Level 5.4 Necromancy
 + Level 0.5 Translocations
 + Level 0.5 Transmutations
 + Level 0.5 Fire Magic
 + Level 0.5 Ice Magic
 + Level 0.5 Air Magic
 + Level 0.5 Earth Magic
 + Level 0.5 Poison Magic
 + Level 1.0 Invocations
 + Level 0.8 Evocations


You had 7 spell levels left.
You didn't know any spells.
Your spell library contained the following spells:

 Spells                   Type           Power      Damage    Failure   Level
 Sublimation of Blood     Necr           13%        N/A       9%          2
 Corpse Rot               Necr/Air       16%        N/A       22%         2
 Ozocubu's Armour         Ice            2%         N/A       75%         3
 Metabolic Englaciation   Hex/Ice        1%         N/A       100%        5
 Simulacrum               Ice/Necr       4%         N/A       100%        6

Inventory:

Hand Weapons
 a - a +2 hand axe (weapon) {axe}
Missiles
 e - 2 boomerangs (quivered) {throwing}
 g - 7 stones {throwing}
 l - 4 atropa-tipped darts {throwing}
 m - a throwing net {=f!fthrowing}
Armour
 b - a +0 ring mail (worn)
 o - a +0 cloak
   (You found it on level 1 of the Dungeon)
Jewellery
 d - an amulet of guardian spirit
   (You found it on level 1 of the Dungeon)
Scrolls
 c - 2 scrolls of fog
 i - a scroll of vulnerability {unknown}
 j - 2 scrolls of identify {unknown}
 n - a scroll of noise {unknown}
 p - a scroll of immolation {unknown}
Potions
 f - a potion of mutation {!q}

Dungeon Overview and Level Annotations

Branches:
Dungeon (2/15)

Altars:

######†#.#...†..#..
###.#.##..####
#..†..##..#
####.#.####..#####.#.
#.......###..<.......
#.##.#......####.#..#
# #....#...####.#
#...###........
##...#.@g.###.#
#.#...)).#
.....###g.# ##.##
#..# #. ... ...# ...#
...#


You could see 2 gnolls.


Message History

A rat is nearby!
A rat is nearby!
A jackal comes into view.
The jackal barks!
You hear a bark! x2
A jackal comes into view.
You closely miss the rat. You punch the rat.
You kill the rat!
You hit the jackal. You slash the jackal!
You kill the jackal!
You hit the jackal.
You kill the jackal!
No target in view!
No target in view!
No target in view!
No target in view!
No target in view!
No target in view!
No target in view!
No target in view!
No target in view!
No target in view!
No target in view!
No target in view!
No target in view!
No target in view!
No target in view!
No target in view!
Unknown command.
A jackal comes into view.
The jackal barks!
The jackal barely misses you.
A quokka comes into view.
You slash the jackal!
You kill the jackal!
You see here a jackal corpse.
The quokka barely misses you.
You barely miss the quokka.
The quokka bites you but does no damage.
You hit the quokka. The quokka barely misses you.
You miss the quokka. The quokka closely misses you.
The quokka bites you but does no damage.
You slash the quokka!
You kill the quokka!
You see here a quokka corpse.
A gnoll comes into view. It is wielding a +0 flail.
The gnoll shouts!
The gnoll moves out of view.
A gnoll comes into view. It is wielding a +0 flail.
There are monsters nearby!
There are monsters nearby!
A gnoll comes into view. It is wielding a +0 whip.
A gnoll comes into view. It is wielding a +0 spear.
The gnoll shouts! x2
The gnoll closely misses you.
You hit the gnoll but do no damage.
The gnoll hits you with a +0 flail! 😮 HP[-8]
You take 8 damage, and now have 17/25 hp.
MASSIVE DAMAGE!! (PAUSE) Unknown command.
You slash the gnoll! You bite the gnoll, but do no damage.
It was a potion of mutation.
You feel extremely strange.
Your body twists and deforms.
Your feet thicken and deform.
It was a potion of curing.
You feel better. The gnoll barely misses you.
The gnoll closely misses you. 😕 HP[+6]
You regained 6 hp, and now have 23/25 hp.
It was a potion of heal wounds.
You feel much better. The gnoll hits you with a +0 flail.
The gnoll hits you but does no damage. 😕 HP[-3]
You take 3 damage, and now have 20/25 hp.
You completely miss the gnoll. You hit the gnoll. The gnoll misses you.
The gnoll hits you with a +0 flail!
* * * LOW HITPOINT WARNING * * *
The gnoll hits you from afar with a +0 spear.
* * * LOW HITPOINT WARNING * * *
😨 HP[-11]
You take 11 damage, and now have 9/25 hp.
MASSIVE DAMAGE!! (PAUSE) Unknown command.
You slash the gnoll!
You kill the gnoll!
You hit the gnoll but do no damage. You hit the gnoll.
Your Invocations skill increases to level 1!
Unknown command.
Unknown command.
You barely miss the gnoll. You closely miss the gnoll.
The gnoll barely misses you. The gnoll hits you with a +0 whip.
* * * LOW HITPOINT WARNING * * *
The gnoll hits you from afar with a +0 spear.
* * * LOW HITPOINT WARNING * * *
😱 HP[-7]
You take 7 damage, and now have 2/25 hp.
MASSIVE DAMAGE!! (PAUSE) Unknown command.
You slash the gnoll!
You kill the gnoll!
You hit the gnoll.
The gnoll hits you from afar with a +0 spear.
You die...

Skill      XL: |  1  2  3 |
---------------+----------+-----
Invocations    | 1 |  1.0
Fighting       | |  0.8
Short Blades   | |  0.8
Long Blades    | |  0.8
Axes           | |  8.5
Maces & Flails | |  0.8
Polearms       | |  0.8
Staves         | |  0.8
Slings         | |  0.8
Bows           | |  0.8
Crossbows      | |  0.8
Throwing       | |  0.8
Armour         | |  4.5
Dodging        | |  0.8
Stealth        | |  0.8
Shields        | |  0.8
Unarmed Combat | |  0.8
Spellcasting   | |  2.8
Conjurations   | |  0.5
Hexes          | |  0.5
Summonings     | |  0.5
Necromancy     | |  5.4
Translocations | |  0.5
Transmutations | |  0.5
Fire Magic     | |  0.5
Ice Magic      | |  0.5
Air Magic      | |  0.5
Earth Magic    | |  0.5
Poison Magic   | |  0.5
Evocations     | |  0.8

Action                   || total
-------------------------++-------
Melee: Hand axe          ||    75
       Punch             ||     2
       Bite              ||     2
  Use: Scroll            ||     1
       Potion            ||     3
Armor: Ring mail         ||    29
Dodge: Dodged            ||    47

Levels and vault maps discovered:
D:1:      dpeg_arrival_rooms_c, layout_rooms, minmay_pentomino_t2
D:2:      minmay_door_path, layout_loops_cross, chequers_big_river, minivault_19

Notes
Turn   | Place    | Note
-------+----------+-------------------------------------------
     0 | D:1      | spaghetti the Gnoll Wanderer began the quest for the Orb.
     0 | D:1      | spaghetti set off with the following items: a +2 hand axe
                  | {axe}, a +0 ring mail, a scroll of fog; and the following
                  | spells available to memorise: Sublimation of Blood, Corpse
                  | Rot
     0 | D:1      | Reached XP level 1. HP: 13/13 MP: 4/4
     0 | D:1      | magus.rc [v1.9.6]
    54 | D:1      | Reached XP level 2. HP: 17/19 MP: 5/5
   202 | D:1      | You pick up a book of Winter and begin reading...
   202 | D:1      | You add the spells Ozocubu's Armour, Metabolic Englaciation
                  | and Simulacrum to your library.
   658 | D:2      | Reached XP level 3. HP: 25/25 MP: 7/7
   693 | D:2      | Gained mutation: Armour fits poorly on your strangely
                  | shaped body. [potion of mutation]
   693 | D:2      | Gained mutation: You have large cloven feet. [potion of
                  | mutation]
   698 | D:2      | Reached skill level 1 in Invocations
   698 | D:2      | HP: 6/25 [gnoll/+0 whip (3)]
   698 | D:2      | HP: 2/25 [gnoll/+0 spear (4)]
   699 | D:2      | Slain by a gnoll

Vanquished Creatures
  2 gnolls (D:2)
  A worm (D:2)
  A dart slug (D:1)
  2 endoplasms (D:1)
  A goblin (D:1)
  A hobgoblin (D:1)
  4 jackals
  3 kobolds (D:1)
  3 quokkas
  3 bats (D:1)
  2 frilled lizards
  6 rats
29 creatures vanquished.

Table legend:
 A = Non-vault XP
 B = Vault XP
 C = Vault XP percentage of total XP
 D = Non-vault monster count
 E = Vault monster count
 F = Vault count percentage of total count
                 A         B        C        D         E       F
            +---------+---------+-------+---------+---------+-------
      Total |      73 |       4 |   5.2 |      27 |       2 |   6.9
            +---------+---------+-------+---------+---------+-------
        D:1 |      29 |       4 |  12.1 |      18 |       2 |  10.0
        D:2 |      44 |       0 |   0.0 |       9 |       0 |   0.0
            +---------+---------+-------+---------+---------+-------

Illustrated notes

Table legend:
 A = Kills in this place as a percentage of kills in entire the game.
 B = Kills by you in this place as a percentage of kills by you in the entire game.
 C = Kills by friends in this place as a percentage of kills by friends in the entire game.
 D = Other kills in this place as a percentage of other kills in the entire game.
 E = Experience gained in this place as a percentage of experience gained in the entire game.
 F = Experience gained in this place divided by the number of levels of this place that you have seen.
                   A       B       C       D       E      F
               +-------+-------+-------+-------+-------+----------------------
         Total | 100.0 | 100.0 |   N/A |   N/A | 100.0 |  38.5
       Dungeon | 100.0 | 100.0 |   N/A |   N/A | 100.0 |  38.5
               +-------+-------+-------+-------+-------+----------------------

Table legend: (Time is in decaauts)
 A = Elapsed time spent in this place.
 B = Non-inter-level travel time spent in this place.
 C = Inter-level travel time spent in this place.
 D = Time resting spent in this place.
 E = Time spent auto-exploring this place.
 F = Levels seen in this place.
 G = Mean time per level.
                   A        B        C        D        E       F      G
               +--------+--------+--------+--------+--------+-----+--------+
         Total |    688 |    675 |     13 |      0 |    494 |   2 |  344.0 |
       Dungeon |    688 |    675 |     13 |      0 |    494 |   2 |  344.0 |
               +--------+--------+--------+--------+--------+-----+--------+

Top non-repeatable levels by time:
     D:1: 644 daAuts
     D:2: 44 daAuts
